 Dungeon Crawl Stone Soup version 0.24-a0-378-g94936e539c (webtiles) character file.

Game seed: 16232508104828884156

88 theanonym the Poker (level 4, -1/33 HPs)
             Began as a Mummy Warper on June 1, 2019.
             Slain by an adder (2 damage)
             ... on level 3 of the Dungeon.
             The game lasted 00:02:04 (2295 turns).

theanonym the Poker (Mummy Warper)                  Turns: 2295, Time: 00:02:05

Health: -1/33      AC:  8    Str: 15    XL:     4   Next: 29%
Magic:  8/8        EV:  6    Int: 12    God:
Gold:   74         SH:  0    Dex: 11    Spells: 8/8 levels left

rFire    x . .     SeeInvis .   a - +0 spear
rCold    + . .     Gourm    .   (no shield)
rNeg     + + +     Faith    .   i - +0 chain mail
rPois    ∞         Spirit   .   (no helmet)
rElec    .         Reflect  .   (no cloak)
rCorr    .         Harm     .   (no gloves)
MR       .....                  (no boots)
Stlth    ..........             (no amulet)
HPRegen  0.11/turn              (no ring)
MPRegen  0.11/turn              (no ring)

@: no status effects
A: no food or potions, fire vulnerability, cold resistance 1, negative energy
resistance 3, torment resistance, unbreathing
a: no special abilities


Innate Abilities, Weirdness & Mutations

You do not eat or drink.
Your flesh is vulnerable to fire.
You are immune to poison.
Your flesh is cold resistant. (rC+)
You are immune to negative energy. (rN+++)
You are immune to unholy pain and torment.
You can survive without breathing.


   Skills:
 - Level 2.0 Fighting
 + Level 3.8 Polearms
 - Level 0.7 Throwing
 - Level 0.7 Armour
 - Level 1.5 Dodging
 - Level 2.6 Spellcasting
   Level 2.4 Translocations


You had 8 spell levels left.
You didn't know any spells.
Your spell library contained the following spells:

 Spells                   Type           Power        Failure   Level  Hunger
 Blink                    Tloc           N/A          98%         2    N/A
 Shroud of Golubria       Chrm/Tloc      #.........   99%         2    N/A
 Gell's Gravitas          Tloc           #.........   100%        3    N/A
 Lesser Beckoning         Tloc           #.........   100%        3    N/A
 Teleport Other           Tloc           #.......     100%        3    N/A
 Passage of Golubria      Tloc           N/A          100%        4    N/A

Skill      XL: |  1  2  3 |
---------------+----------+-----
Polearms       | 2 3 |  3.8
Fighting       | |  2.0
Throwing       | |  0.7
Armour         | |  0.7
Dodging        | |  1.5
Spellcasting   | |  2.6
Translocations | |  2.4

Action                   |  1- 3 |  4- 6 || total
-------------------------+-------+-------++-------
Melee: Spear             |   194 |    65 ||   259
Throw: Boomerang         |       |     2 ||     2
Armor: Leather armour    |    43 |     6 ||    49
       Chain mail        |       |    11 ||    11
Dodge: Dodged            |   100 |    22 ||   122

Inventory:

Hand Weapons
 a - a +0 spear (weapon)
Missiles
 e - 3 boomerangs of dispersal (quivered)
Armour
 b - a +0 leather armour
 h - a +0 ring mail
 i - a +0 chain mail (worn)
Jewellery
 d - an uncursed amulet of the acrobat {unknown}
Scrolls
 c - 3 scrolls of identify {unknown}
 f - a scroll of immolation {unknown}
 g - a scroll of random uselessness {unknown}
 B - a scroll of blinking


You were on level 3 of the Dungeon.
You were not hungry.

You visited 1 branch of the dungeon, and saw 3 of its levels.

You collected 74 gold pieces.

Dungeon Overview and Level Annotations

Branches:
Dungeon (3/15)

Altars:

### #<# #.#
##########.#######
#.)†o.o..#.....@.#
#.######.#######S#
......#
#.o...o...#
......#
###########
......# ......#
..o...# .o....#
[.$...#


You could see an adder.

Notes
Turn   | Place    | Note
-------+----------+-------------------------------------------
     0 | D:1      | theanonym the Mummy Warper began the quest for the Orb.
     0 | D:1      | Reached XP level 1. HP: 16/16 MP: 4/4
   172 | D:1      | Reached skill level 2 in Polearms
   198 | D:1      | Reached XP level 2. HP: 21/22 MP: 5/5
   869 | D:2      | Reached XP level 3. HP: 22/27 MP: 7/7
   885 | D:2      | Reached skill level 3 in Polearms
   886 | D:2      | HP: 12/27 [jackal (2)]
  1341 | D:2      | HP: 13/27 [adder (2)]
  1654 | D:2      | Reached XP level 4. HP: 28/33 MP: 8/8
  2276 | D:3      | HP: 16/33 [orc priest/+0 falchion (4)]
  2282 | D:3      | HP: 14/33 [orc priest/+0 falchion (2)]
  2293 | D:3      | HP: 1/33 [orc priest/divine providence (13)]
  2295 | D:3      | Slain by an adder

Vanquished Creatures
  2 adders (D:2)
  An adder skeleton (D:2)
  3 dart slugs
  An orc (D:3)
  4 bats
  6 giant cockroaches
  6 goblins
  7 hobgoblins
  4 jackals
  A quokka (D:2)
  4 frilled lizards
  8 kobolds
  7 rats
54 creatures vanquished.

Table legend:
 A = Turns spent in this place as a percentage of turns spent in the entire game.
 B = Non-inter-level travel turns spent in this place as a percentage of non-inter-level travel turns spent in the entire game.
 C = Inter-level travel turns spent in this place as a percentage of turns spent in this place.
 D = Turns resting spent in this place as a percentage of non-inter-level travel turns spent in this place.
 E = Turns spent auto-exploring this place as a percentage of non-inter-level travel turns spent in this place.
 F = Non-inter-level travel turns spent in this place divided by the number of levels of this place that you've seen.
                   A       B       C       D       E      F
               +-------+-------+-------+-------+-------+----------------------
         Total | 100.0 | 100.0 |   3.3 |  30.2 |  51.7 | 740.0
       Dungeon | 100.0 | 100.0 |   3.3 |  30.2 |  51.7 | 740.0
               +-------+-------+-------+-------+-------+----------------------
